 Dungeon Crawl Stone Soup version 0.19.1-1-g22dce08 (webtiles) character file.

146 Alarkh the Chopper (level 5, 28/41 HPs)
             Began as a Demonspawn Monk on Jan 4, 2017.
             Quit the game on level 3 of the Dungeon.
             The game lasted 00:04:06 (2967 turns).

Alarkh the Chopper (Demonspawn Monk)                Turns: 2967, Time: 00:04:06

Health: 28/41      AC:  4    Str:  9 (11) XL:     5   Next: 7%
Magic:  5/5        EV: 12    Int: 11 (12) God:
Gold:   63         SH:  0    Dex: 16      Spells: 0 memorised, 4 levels left

rFire  . . .     SeeInvis .     a - +0 hand axe
rCold  . . .     Gourm    .     b - +0 robe
rNeg   . . .     Faith    .     (no shield)
rPois  .         Spirit   .     f - +0 helmet
rElec  .         Reflect  .     (no cloak)
rCorr  .         Harm     .     (no gloves)
MR     .....                    k - +0 pair of boots
Stlth  ++........               (no amulet)
                                (no ring)
                                (no ring)

@: drained
A: talons 1, powered by pain 1, spiny 1
a: no special abilities


You were on level 3 of the Dungeon.
You were not hungry.

You visited 1 branch of the dungeon, and saw 3 of its levels.

You collected 63 gold pieces.

Inventory:

Hand Weapons
 a - a +0 hand axe (weapon)
 m - a +2 whip of draining
Armour
 b - a +0 robe (worn)
 f - a +0 helmet (worn)
 k - a +0 pair of boots (worn)
Magical Staves
 l - an uncursed staff of air
Scrolls
 e - a scroll of teleportation {unknown}
 h - a scroll of remove curse
 j - a scroll of immolation {unknown}
Potions
 d - a potion of might {unknown}
 g - a potion of flight {unknown}
Comestibles
 c - 3 bread rations
 i - 3 fruits
 n - 5 chunks of flesh


   Skills:
 - Level 3.0(2.0) Fighting
 + Level 5.3(4.3) Axes
 - Level 2.6(1.7) Dodging
 - Level 1.7(0.8) Stealth


You had 4 spell levels left.
You didn't know any spells.

Dungeon Overview and Level Annotations

Branches:
Dungeon (3/15)

Altars:
Cheibriados
Kikubaaqudgha


Innate Abilities, Weirdness & Mutations

You have sharp toenails.
You sometimes gain a little power by taking damage.
You are partially covered in sharp spines.


Message History

Sharp spines emerge from parts of your body.
You feel sick.
You see here an adder corpse.
You closely miss the quokka. The quokka is struck by your spines.
The quokka bites you but does no damage.
You closely miss the quokka.
The quokka is heavily wounded.
You feel sick. The quokka is struck by your spines.
You kill the quokka!
You butcher the adder corpse.
n - 4 chunks of flesh (gained 2)
You see here an adder skeleton. x2
You butcher the frilled lizard corpse.
n - 5 chunks of flesh (gained 1)
You see here a frilled lizard skeleton. x2
You feel sick.
You are no longer poisoned.
You see here an adder skeleton.
Found a stone staircase leading down.
Are you sure you want to abandon this character and quit the game? (Confirm with "yes".)

#############
>......$....# #
###@....#### ...
#........... .. ##
....#.#÷....### #. #<
......#÷....#######.. #.
.................##..##.
.....#.##................
##..... #..#.####.##..#>.
#..##.##..#.# #.##.....
..........#÷# #.##....<


There were no monsters in sight!

Vanquished Creatures
  7 adders
  An ooze (D:3)
  2 worms
  A dart slug (D:2)
  3 leopard geckos (D:1)
  4 giant cockroaches
  6 goblins
  6 hobgoblins
  5 jackals (D:1)
  A quokka (D:3)
  8 bats
  4 frilled lizards
  13 kobolds
  9 rats
70 creatures vanquished.

Notes
Turn   | Place    | Note
-------+----------+-------------------------------------------
     0 | D:1      | Alarkh the Demonspawn Monk began the quest for the Orb.
     0 | D:1      | Reached XP level 1. HP: 18/18 MP: 1/1
    12 | D:2      | Reached skill level 3 in Axes
   320 | D:1      | Gained mutation: You sometimes gain a little power by taking damage. [demonic ancestry]
   320 | D:1      | Reached XP level 2. HP: 21/24 MP: 2/2
   484 | D:1      | HP: 1/24 [kobold (4)]
   533 | D:1      | Reached XP level 3. HP: 6/29 MP: 3/3
   994 | D:1      | Reached skill level 4 in Axes
  1545 | D:2      | Gained mutation: You have sharp toenails. [demonic ancestry]
  1545 | D:2      | Reached XP level 4. HP: 9/35 MP: 4/4
  1903 | D:2      | Found a snail-covered altar of Cheibriados.
  2368 | D:2      | Found an ancient bone altar of Kikubaaqudgha.
  2584 | D:3      | Reached skill level 5 in Axes
  2956 | D:3      | Gained mutation: You are partially covered in sharp spines. [demonic ancestry]
  2956 | D:3      | Reached XP level 5. HP: 29/41 MP: 5/5
  2967 | D:3      | Quit the game

Skill      XL: |  1  2  3  4 |
---------------+-------------+-----
Axes           | 3 4 5 |  5.3
Fighting       | |  3.0
Dodging        | |  2.6
Stealth        | |  1.7

Action                   |  1- 3 |  4- 6 || total
-------------------------+-------+-------++-------
Melee: Hand axe          |   170 |   110 ||   280
       Kick              |       |    17 ||    17
  Use: Potion            |     3 |     2 ||     5
       Scroll            |       |     1 ||     1
 Stab: Sleeping          |     3 |     3 ||     6
  Eat: Chunk             |     2 |     5 ||     7
Armor: Robe              |    45 |    18 ||    63
Dodge: Dodged            |   155 |    61 ||   216
